 Dungeon Crawl Stone Soup version 0.30-a0-743-gbfdf073431 (webtiles) character file.

Game seed: 13995542168198695360

16783 epen the Thrower (level 12, 0/94 HPs)
             Began as a Gnoll Wanderer on Feb 5, 2023.
             Was an Elder of Cheibriados.
             Slain by a troll (2 damage)
             ... on level 11 of the Dungeon.
             The game lasted 00:23:11 (12490 turns).

epen the Thrower (Gnoll Wanderer)                  Turns: 12490, Time: 00:23:12

Health: 0/94       AC: 26    Str: 34    XL:     12   Next: 41%
Magic:  23/23      EV: 12    Int: 20    God:    Cheibriados [****..]
Gold:   832        SH:  0    Dex: 28    Spells: 26/26 levels left

rFire   . . .      SeeInvis .    I - +5 spear (freeze)
rCold   . . .      Faith    .    (no shield)
rNeg    . . .      Spirit   .    n - +1 crystal plate armour
rPois   .          Reflect  .    d - +0 helmet
rElec   .          Harm     .    (no cloak)
rCorr   .          Rampage  .    j - +2 pair of gloves
Will    .....                    t - +0 pair of boots Stlth
                                 (no amulet)
HPRegen 0.35/turn                J - +6 ring of strength
MPRegen 0.18/turn                G - +6 ring of strength

@: confused, lethally poisoned (0 -> -3), ambrosia-drunk, very slow
A: fangs 1, strong nose, distributed training
a: Renounce Religion, Bend Time, Temporal Distortion, Slouch


You were on level 11 of the Dungeon.
You worshipped Cheibriados.
Cheibriados was greatly pleased with you.
You visited 1 branch of the dungeon, and saw 11 of its levels.
You also visited: Bailey.

You collected 851 gold pieces.
You spent 19 gold pieces at shops.

Inventory:

Hand Weapons
 a - a +3 dagger
 c - a +0 spear
 y - the +1 short sword of Iwelusch {freeze, rN+ Str+3}
   (You found it on level 6 of the Dungeon)

   Str:       It affects your strength (+3).
   rN:        It protects you from negative energy.
 E - a +4 long sword
 I - a +5 spear of freezing (weapon)
Missiles
 b - 2 curare-tipped darts (quivered)
 k - 33 boomerangs
 l - 47 poisoned darts
 v - 4 atropa-tipped darts
 C - 4 datura-tipped darts
Armour
 d - a +0 helmet (worn)
 e - a +2 leather armour of cold resistance
 f - a +0 leather armour
 j - a +2 pair of gloves (worn)
 m - a +2 ring mail of cold resistance
 n - a +1 crystal plate armour (worn)
 t - a +0 pair of boots (worn)
 w - a +3 scale mail
Jewellery
 p - the amulet "Maezul" {Spirit Fragile rElec rF+++ Dex-3, yes}
   (You found it in a bailey)

   [amulet of guardian spirit]

   It causes incoming damage to be divided between your reserves of health and
   magic.
   Dex:       It affects your dexterity (-3).
   rF:        It renders you almost immune to fire.
   rElec:     It insulates you from electricity.
   Fragile:   It will be destroyed if unequipped.
 G - a +6 ring of strength (right hand)
 J - a +6 ring of strength (left hand)
 O - a ring of fire
 S - a ring of ice
Wands
 D - a wand of digging (5)
 M - a wand of quicksilver (7)
 P - a wand of flame (10)
 Q - a wand of roots (4)
 T - a wand of mindburst (6)
Scrolls
 g - a scroll of identify
 o - 6 scrolls of fog
 q - 2 scrolls of enchant weapon
 x - a scroll of enchant armour
 N - 4 scrolls of poison {unknown}
 R - a scroll of immolation {unknown}
 V - a scroll of silence {unknown}
Potions
 h - a potion of flight
 r - a potion of mutation
 s - 2 potions of degeneration
 A - a potion of brilliance
 B - a potion of attraction
 F - a potion of lignification
 U - 2 potions of might


   Skills:
 + Level 8.9 Fighting
 + Level 7.5 Short Blades
 + Level 7.5 Long Blades
 + Level 7.5 Axes
 + Level 7.5 Maces & Flails
 + Level 8.9 Polearms
 + Level 7.5 Staves
 + Level 7.5 Ranged Weapons
 + Level 10.0 Throwing
 + Level 8.0 Armour
 + Level 7.5 Dodging
 + Level 8.7 Stealth
 + Level 7.5 Shields
 + Level 7.5 Unarmed Combat
 + Level 7.5 Spellcasting
 + Level 6.2 Conjurations
 + Level 6.2 Hexes
 + Level 6.2 Summonings
 + Level 6.2 Necromancy
 + Level 6.2 Translocations
 + Level 6.2 Transmutations
 + Level 6.2 Fire Magic
 + Level 6.2 Ice Magic
 + Level 6.2 Air Magic
 + Level 6.2 Earth Magic
 + Level 6.2 Poison Magic
 + Level 8.2 Invocations
 + Level 7.5 Evocations


You had 26 spell levels left.
You didn't know any spells.
Your spell library contained the following spells:

 Spells                   Type           Power      Damage    Failure   Level
 Kiss of Death            Conj/Necr      100%       2d13      14%         1
 Ensorcelled Hibernation  Hex/Ice        64%        N/A       22%         2
 Call Canine Familiar     Summ           32%        N/A       41%         3
 Confusing Touch          Hex            32%        N/A       41%         3
 Inner Flame              Hex/Fire       32%        N/A       41%         3
 Portal Projectile        Hex/Tloc       64%        N/A       41%         3
 Spider Form              Tmut/Pois      32%        N/A       41%         3
 Anguish                  Hex/Necr       16%        N/A       82%         4
 Dispel Undead            Necr           32%        3d14      82%         4
 Flame Wave               Conj/Fire      32%        2d9       82%         4
 Leda's Liquefaction      Hex/Erth       16%        N/A       82%         4
 Manifold Assault         Tloc           32%        N/A       82%         4
 Sticky Flame             Conj/Fire      32%        2d5       82%         4
 Dispersal                Tloc           16%        N/A       100%        6
 Disjunction              Tloc           16%        N/A       100%        8


Dungeon Overview and Level Annotations

Branches:
Dungeon (11/15)            Temple (0/1) D:4            Lair (0/5) D:11
    Orc (0/2) D:9          Bailey (visited)

Altars:
Cheibriados
Elyvilon
Hepliaklqana
Okawaru
Ru
Sif Muna
Uskayaw
Vehumet
Wu Jian
Zin
The Shining One

Shops:
D:4 *   D:11 :

Annotations:
D:7 1 runed translucent door, derval's ghost, novice OpSu


Innate Abilities, Weirdness & Mutations

You have very sharp teeth.
Your uncanny sense of smell can sniff out nearby items.
Your experience applies equally to all skills.


Message History

Okay, then.
Okay, then.
You warp the flow of time around you!
You are confused.
You feel invigorated.
A killer bee comes into view.
You're too confused to aim your attacks!
You're too confused to aim your attacks!
You bump into the rock wall.
The troll bites you but does no damage. The troll claws you.
* * * LOW HITPOINT WARNING * * *
The troll closely misses you.
You hit the troll. You freeze the troll. You bite the troll.
The troll is moderately wounded.
The troll bites you.
* * * LOW HITPOINT WARNING * * *
The troll completely misses you. The troll claws you but does no damage.
You bump into the rock wall.
The killer bee stings you.
* * * LOW HITPOINT WARNING * * *
You are poisoned.
The killer bee poisons you! The killer bee barely misses you.
The troll bites you but does no damage. The troll completely misses you.
The troll claws you but does no damage.
You hit the troll. You freeze the troll.
The troll is heavily wounded.
You feel sick.
The killer bee stings you but does no damage.
You completely miss the killer bee. Your bite misses the killer bee.
You feel sick.
The killer bee stings you but does no damage.
The troll bites you but does no damage. The troll claws you!
* * * LOW HITPOINT WARNING * * *
The troll barely misses you. The killer bee stings you.
* * * LOW HITPOINT WARNING * * *
You bump into the rock wall.
You feel sick.
The killer bee stings you but does no damage.
The troll bites you but does no damage. The troll claws you!
* * * LOW HITPOINT WARNING * * *
The troll claws you.
You die...

,****,*.**.#.##,,##,#.#...#,,,~,~
****,,.#.*..#..##..#.#.....,,,,,,
,^,,,,...##..##..##.#..P...,,,,,,
,*,*,*,*.T#..........)...#,,,....
*,*,,∆,,*........†(....W.#.......
,*,*,*,*,,#.........)............
,,,,,,,,,##.c##(.##.#..P.##......
****,,,*,#..#.)##y.#.#...........
,****,*,##.#†##T@##.#.#....,.....
,,***,,*#..#.#####*#.#...##,,....
*,,,,,*##...#.##*####.#....,,,,#.
,,,,,,##...#.#.##..##.#..##+####.
*,,,*##.....#.#..##..#.,.......#.
,,,,*#.......#.##..##.,P.......<.
,*,*##................,..........
,,,##................y...........
,*##......##..##.........##......


You could see a troll, a wraith, a centaur and a killer bee.

Vanquished Creatures
  A hydra (D:9)
  A centaur warrior (D:11)
  3 boulder beetles
  2 two-headed ogres (D:11)
  Pikel (D:8)
  A deep elf pyromancer (D:10)
  2 ugly things (D:9)
  A cyclops (D:11)
  A manticore (D:11)
  Joseph (D:8)
  A guardian serpent (shapeshifter) (D:11)
  A gargoyle (D:11)
  A komodo dragon (D:11)
  Psyche (D:8)
  An unseen horror (D:11)
  A queen bee (D:11)
  2 trolls
  2 hornets
  2 shadows
  A basilisk (D:11)
  Eustachio (D:4)
  2 wyverns
  A steam dragon (D:8)
  A water moccasin (D:9)
  A black bear (D:6)
  8 orc warriors
  An ice beast (D:6)
  6 ogres
  3 centaurs
  12 kobold brigands
  5 bullfrogs
  2 gnoll sergeants
  A scorpion (D:6)
  19 wights
  30 killer bees
  2 howler monkeys
  2 quasits
  4 hounds
  A gnoll bouda (D:10)
  8 orc priests
  3 iguanas
  9 orc wizards
  12 gnolls
  7 adders
  A shadow imp (D:6)
  5 white imps
  4 ufetubi (D:6)
  A worm (D:5)
  4 dart slugs
  44 orcs
  A bat (D:1)
  5 endoplasms
  4 giant cockroaches
  5 hobgoblins
  2 jackals (D:1)
  3 quokkas
  6 ball pythons
  4 frilled lizards
  6 goblins
  44 kobolds
  6 rats
  A spectral kobold (D:4)
314 creatures vanquished.

Vanquished Creatures (others)
  A demonic plant (D:6)
  19 plants
  2 withered plants (D:7)
22 creatures vanquished.

Grand Total: 336 creatures vanquished

Notes
Turn   | Place    | Note
-------+----------+-------------------------------------------
     0 | D:1      | epen the Gnoll Wanderer began the quest for the Orb.
     0 | D:1      | epen set off with the following items: a +2 dagger, 4
                  | curare-tipped darts, a +0 spear, a +0 helmet, a potion of
                  | invisibility, a +0 leather armour.
     0 | D:1      | Reached XP level 1. HP: 20/20 MP: 1/1
   227 | D:1      | Reached XP level 2. HP: 21/26 MP: 2/2
   528 | D:1      | Reached XP level 3. HP: 29/31 MP: 3/3
   824 | D:2      | Reached skill level 1 in Invocations
   992 | D:2      | Reached skill level 1 in Short Blades
   992 | D:2      | Reached skill level 1 in Long Blades
   992 | D:2      | Reached skill level 1 in Axes
   992 | D:2      | Reached skill level 1 in Maces & Flails
   992 | D:2      | Reached skill level 1 in Staves
   992 | D:2      | Reached skill level 1 in Ranged Weapons
   992 | D:2      | Reached skill level 1 in Dodging
   992 | D:2      | Reached skill level 1 in Shields
   992 | D:2      | Reached skill level 1 in Unarmed Combat
   992 | D:2      | Reached skill level 1 in Spellcasting
   992 | D:2      | Reached skill level 1 in Evocations
  1053 | D:2      | You fall into a shaft and drop 2 floors!
  1168 | D:4      | Reached XP level 4. HP: 38/38 MP: 5/5
  1197 | D:4      | Reached skill level 1 in Conjurations
  1197 | D:4      | Reached skill level 1 in Hexes
  1197 | D:4      | Reached skill level 1 in Summonings
  1197 | D:4      | Reached skill level 1 in Necromancy
  1197 | D:4      | Reached skill level 1 in Translocations
  1197 | D:4      | Reached skill level 1 in Transmutations
  1197 | D:4      | Reached skill level 1 in Fire Magic
  1197 | D:4      | Reached skill level 1 in Ice Magic
  1197 | D:4      | Reached skill level 1 in Air Magic
  1197 | D:4      | Reached skill level 1 in Earth Magic
  1197 | D:4      | Reached skill level 1 in Poison Magic
  1302 | D:4      | Noticed Eustachio
  1313 | D:4      | Reached XP level 5. HP: 43/43 MP: 5/7
  1353 | D:4      | Killed Eustachio
  1354 | D:4      | Reached skill level 5 in Fighting
  1354 | D:4      | Reached skill level 5 in Polearms
  1354 | D:4      | Reached XP level 6. HP: 39/51 MP: 8/8
  1593 | D:3      | Found a faded altar of an unknown god.
  1694 | D:3      | Prayed at the altar of an unknown god.
  1694 | D:3      | Became a worshipper of Cheibriados the Contemplative
  1694 | D:3      | Reached * piety under Cheibriados
  2512 | D:4      | Found Ceosto's Assorted Antiques.
  2662 | D:4      | Bought a sapphire potion for 19 gold pieces
  2805 | D:4      | Found a glowing silver altar of Zin.
  2805 | D:4      | Found a glowing golden altar of the Shining One.
  2805 | D:4      | Found a white marble altar of Elyvilon.
  2924 | D:4      | Reached skill level 7 in Throwing
  2924 | D:4      | Reached XP level 7. HP: 16/56 MP: 10/10
  3147 | D:4      | Found a hazy altar of Hepliaklqana.
  3267 | D:4      | Found a staircase to the Ecumenical Temple.
  3410 | D:5      | Entered Level 5 of the Dungeon
  3546 | D:5      | Reached skill level 5 in Stealth
  3731 | D:5      | Found a radiant altar of Vehumet.
  3809 | D:5      | Reached ** piety under Cheibriados
  3815 | D:5      | Reached XP level 8. HP: 63/63 MP: 12/12
  4268 | D:6      | Identified the +1 short sword of Iwelusch {freeze, rN+
                  | Str+3}
  4664 | D:6      | Reached XP level 9. HP: 69/69 MP: 14/14
  4666 | D:6      | Reached *** piety under Cheibriados
  5258 | D:7      | Found a flagged portal.
  5278 | D:7      | Found a runed translucent door.
  5285 | Bailey   | Entered a bailey
  5343 | Bailey   | Reached skill level 5 in Armour
  5363 | Bailey   | Reached **** piety under Cheibriados
  5459 | Bailey   | Identified the amulet "Maezul" {Spirit Fragile rElec rF+++
                  | Dex-3}
  5539 | Bailey   | Found an iron altar of Okawaru.
  5568 | Bailey   | Reached skill level 8 in Throwing
  5578 | Bailey   | Identified the +0 dagger of Saltpetre {flame, Int+4}
  5667 | D:7      | Noticed derval's ghost (novice OpSu)
  5756 | D:7      | Reached skill level 5 in Invocations
  6393 | D:7      | Reached skill level 5 in Short Blades
  6393 | D:7      | Reached skill level 5 in Long Blades
  6393 | D:7      | Reached skill level 5 in Axes
  6393 | D:7      | Reached skill level 5 in Maces & Flails
  6393 | D:7      | Reached skill level 5 in Staves
  6393 | D:7      | Reached skill level 5 in Ranged Weapons
  6393 | D:7      | Reached skill level 5 in Dodging
  6393 | D:7      | Reached skill level 5 in Shields
  6393 | D:7      | Reached skill level 5 in Unarmed Combat
  6393 | D:7      | Reached skill level 5 in Spellcasting
  6393 | D:7      | Reached skill level 5 in Evocations
  6393 | D:7      | Reached XP level 10. HP: 50/77 MP: 17/17
  7009 | D:8      | Noticed Joseph
  7020 | D:8      | Killed Joseph
  7104 | D:8      | Noticed Pikel
  7128 | D:8      | Killed Pikel
  7142 | D:8      | Noticed Psyche
  7371 | D:8      | Found a shimmering blue altar of Sif Muna.
  7371 | D:8      | Found a sacrificial altar of Ru.
  7371 | D:8      | Found an ornate altar of the Wu Jian Council.
  7386 | D:8      | Reached ***** piety under Cheibriados
  7581 | D:8      | Found an iron altar of Okawaru.
  7715 | D:8      | Killed Psyche
  9500 | D:9      | Reached skill level 9 in Throwing
  9513 | D:9      | Reached skill level 5 in Conjurations
  9513 | D:9      | Reached skill level 5 in Hexes
  9513 | D:9      | Reached skill level 5 in Summonings
  9513 | D:9      | Reached skill level 5 in Necromancy
  9513 | D:9      | Reached skill level 5 in Translocations
  9513 | D:9      | Reached skill level 5 in Transmutations
  9513 | D:9      | Reached skill level 5 in Fire Magic
  9513 | D:9      | Reached skill level 5 in Ice Magic
  9513 | D:9      | Reached skill level 5 in Air Magic
  9513 | D:9      | Reached skill level 5 in Earth Magic
  9513 | D:9      | Reached skill level 5 in Poison Magic
  9513 | D:9      | Reached XP level 11. HP: 53/85 MP: 20/20
  9708 | D:9      | Noticed a red ugly thing
  9708 | D:9      | Noticed a red ugly thing
  9713 | D:9      | Noticed a boulder beetle
  9715 | D:9      | Noticed a boulder beetle
  9719 | D:9      | Noticed an eight-headed hydra
  9929 | D:9      | Killed a boulder beetle
 10183 | D:9      | Killed an eight-headed hydra
 10203 | D:9      | Killed a boulder beetle
 10296 | D:9      | Found a staircase to the Orcish Mines.
 10890 | D:9      | Killed a red ugly thing
 10899 | D:9      | Killed a cyan ugly thing
 10937 | D:10     | Entered Level 10 of the Dungeon
 10937 | D:10     | Noticed a deep elf pyromancer
 10942 | D:10     | Killed a deep elf pyromancer
 11124 | D:10     | Found a hide-covered altar of Uskayaw.
 11880 | D:11     | Found Yngiof's Book Shop.
 11909 | D:11     | Noticed a boulder beetle
 11916 | D:11     | Killed a boulder beetle
 12341 | D:11     | Noticed a two-headed ogre
 12350 | D:11     | Killed a two-headed ogre
 12351 | D:11     | Reached XP level 12. HP: 83/94 MP: 22/22
 12380 | D:11     | Noticed a two-headed ogre
 12381 | D:11     | Reached ****** piety under Cheibriados
 12394 | D:11     | Killed a two-headed ogre
 12400 | D:11     | Noticed a centaur warrior
 12425 | D:11     | Killed a centaur warrior
 12426 | D:11     | Reached skill level 10 in Throwing
 12449 | D:11     | HP: 4/94 [manticore/volley of spikes (14)]
 12483 | D:11     | HP: 1/94 [centaur/arrow (8)]
 12490 | D:11     | HP: 2/94 [troll (8)]
 12490 | D:11     | Slain by a troll

Illustrated notes

Levels and vault maps discovered:
D:1:      dpeg_arrival_ratfight, layout_loops_ring
D:2:      layout_loops_ring, grunt_decor_mini_mirrors,
          minmay_misc_feat_nine_boxes, hangedman_decor_clover_reticule
D:3:      layout_loops_ring, basic_ecumenical_altar
D:4:      layout_cave_pools, dreamdust_divine_triumvirate,
          nicolae_hepliaklqana_monster_ancestors,
          minmay_temple_entry_enclosed_plants, serial_shops, shop,
          serial_co_window_serial, co_window_corner_a, co_window_paths_b,
          co_window_paths_a, co_window_paths_a, co_window_paths_b,
          co_window_unsneaky_path_a, co_window_corner_b,
          co_window_unsneaky_path_d, co_window_2corner, co_window_paths_d,
          glass_columns_a, glass_columns_a, glass_columns_a, uniq_eustachio
D:5:      layout_rooms, fiery_altar_vehumet, st_stairs_1
D:6:      layout_loops_ring, serial_demonic, serial_demonic_b, serial_demonic_f,
          serial_demonic_a, serial_demonic_g
D:7:      layout_gridville, enter_bailey_4, gammafunk_ghost_grave,
          serial_bayou_lagoon_a
D:8:      layout_basic, mainiacjoe_overflow_paths,
          gammafunk_temple_overflow_forgotten, chequers_serial_rivers_large_a,
          chequers_avenue, grunt_decor_arrowhead, uniq_joseph, uniq_pikel,
          uniq_psyche
D:9:      nzn_winding_woodlands_cross [nzn_winding_woodlands_5x15_sawtooth,
          nzn_winding_woodlands_5x15_zeroes, nzn_winding_woodlands_5x15_default,
          nzn_winding_woodlands_5x15_garden,
          nzn_winding_woodlands_15x15_thick_spiral], layout_loops_corners,
          minmay_misc_feat_ornament, kennysheep_doodads
D:10:     layout_loops_ring, marbit_many_paths, evilmike_butchery
D:11:     regret_index_bee_streams, layout_basic, erik_lair_island,
          serial_shops, nicolae_stop_n_shop_1, uniq_josephine

Skill      XL: |  1  2  3  4  5  6  7  8  9 10 11 12 |
---------------+-------------------------------------+-----
Invocations    | 1 2 3 4 5 6 7 8 |  8.2
Short Blades   | 1 2 3 5 6 7 |  7.5
Long Blades    | 1 2 3 5 6 7 |  7.5
Axes           | 1 2 3 5 6 7 |  7.5
Maces & Flails | 1 2 3 5 6 7 |  7.5
Staves         | 1 2 3 5 6 7 |  7.5
Ranged Weapons | 1 2 3 5 6 7 |  7.5
Dodging        | 1 2 3 5 6 7 |  7.5
Shields        | 1 2 3 5 6 7 |  7.5
Unarmed Combat | 1 2 3 5 6 7 |  7.5
Spellcasting   | 1 2 3 5 6 7 |  7.5
Evocations     | 1 2 3 5 6 7 |  7.5
Conjurations   | 1 2 3 4 5 6 |  6.2
Hexes          | 1 2 3 4 5 6 |  6.2
Summonings     | 1 2 3 4 5 6 |  6.2
Necromancy     | 1 2 3 4 5 6 |  6.2
Translocations | 1 2 3 4 5 6 |  6.2
Transmutations | 1 2 3 4 5 6 |  6.2
Fire Magic     | 1 2 3 4 5 6 |  6.2
Ice Magic      | 1 2 3 4 5 6 |  6.2
Air Magic      | 1 2 3 4 5 6 |  6.2
Earth Magic    | 1 2 3 4 5 6 |  6.2
Poison Magic   | 1 2 3 4 5 6 |  6.2
Fighting       | 5 6 7 8 |  8.9
Polearms       | 5 6 7 8 |  8.9
Armour         | 3 4 5 6 7 8 |  8.0
Throwing       | 7 8 9 10 | 10.0
Stealth        | 5 6 7 8 |  8.7

Action                     |  1- 3 |  4- 6 |  7- 9 | 10-12 || total
---------------------------+-------+-------+-------+-------++-------
  Melee: Dagger            |   114 |   147 |   213 |       ||   474
         Bite              |     9 |    15 |    77 |    73 ||   174
         Punch             |     1 |     2 |    24 |    33 ||    60
         Short sword       |       |       |   390 |    11 ||   401
         Spear             |       |       |       |   575 ||   575
  Throw: Boomerang         |     2 |       |     8 |    12 ||    22
         Dart              |       |       |     1 |    22 ||    23
 Invoke: Slouch            |       |       |       |     4 ||     4
         Temporal Distorti |       |       |       |     4 ||     4
         Step From Time    |       |       |       |     2 ||     2
  Evoke: Wand              |       |       |       |     3 ||     3
    Use: Potion            |       |     2 |     3 |     5 ||    10
         Scroll            |       |     5 |    10 |     6 ||    21
   Stab: Sleeping          |     7 |     3 |     8 |       ||    18
         Invisible         |       |       |       |     2 ||     2
 Armour: Leather armour    |    20 |       |       |       ||    20
         Ring mail         |    34 |    57 |     4 |       ||    95
         Scale mail        |       |       |   312 |       ||   312
         Crystal plate arm |       |       |   123 |   308 ||   431
         Skin              |       |       |       |     1 ||     1
  Dodge: Dodged            |    49 |    69 |   422 |   254 ||   794

Table legend: (Time is in decaauts)
 A = Elapsed time spent in this place.
 B = Non-inter-level travel time spent in this place.
 C = Inter-level travel time spent in this place.
 D = Time resting spent in this place.
 E = Time spent auto-exploring this place.
 F = Levels seen in this place.
 G = Mean time per level.
                   A        B        C        D        E       F      G
               +--------+--------+--------+--------+--------+-----+--------+
         Total |  16373 |  15828 |    545 |   1768 |  11259 |  12 | 1364.4 |
       Dungeon |  15929 |  15384 |    545 |   1648 |  11203 |  11 | 1448.1 |
        Bailey |    444 |    444 |      0 |    120 |     55 |   1 |  444.0 |
               +--------+--------+--------+--------+--------+-----+--------+

Top non-repeatable levels by time:
     D:9: 3129 daAuts
     D:8: 2530 daAuts
     D:7: 1859 daAuts
     D:4: 1625 daAuts
    D:10: 1546 daAuts
     D:6: 1424 daAuts
     D:1: 796 daAuts
    D:11: 772 daAuts
     D:2: 757 daAuts
     D:5: 750 daAuts
     D:3: 737 daAuts
  Bailey: 444 daAuts
